Devils vs Rangers
Created - March 5, 2019 at 22:04
Goals
|
Devils |
0 |
1 |
0 |
1 |
Rangers |
2 |
0 |
2 |
4 |
|
Shots
|
Devils |
6 |
18 |
15 |
39 |
Rangers |
16 |
4 |
5 |
25 |
|
1st period
1. Rangers , Jakob Silfverberg 29 (Milan Lucic 47, Patrice Bergeron 35) at 14:08 (PP)
2. Rangers , Milan Lucic 28 (Mark Fistric 21, Jakob Silfverberg 41) at 15:23 (PP)
Penalties :
Matt Greene (NYR) for Holding (Minor) at 1:29, Anton Volchenkov (NJD) for Tripping (Minor) at 6:14, Anthony Stewart (NJD) for Hooking (Minor) at 13:14, Luke Schenn (NJD) for Interference (Minor) at 15:13, Brayden Schenn (NJD) for Tripping (Minor) at 17:42
2nd period
3. Devils , Johnny Gaudreau 24 (Jordan Eberle 28, Sidney Crosby 46) at 18:51 (PP)
Penalties :
Chris Bourque (NYR) for Hooking (Minor) at 4:09, Cam Barker (NYR) for Hooking (Minor) at 8:57, Kevin Shattenkirk (NJD) for Elbowing (Minor) at 9:30, Jakob Silfverberg (NYR) for Interference (Minor) at 17:41
3rd period
4. Rangers , Milan Lucic 29 (Patrice Bergeron 36, Mark Fistric 22) at 0:24 (PP)
5. Rangers , Milan Lucic 30 (Patrice Bergeron 37, Mark Fistric 23) at 2:46
Penalties :
Luke Schenn (NJD) for Holding Stick (Minor) at 0:09, Tyler Bozak (NJD) for High sticking (Minor) at 8:51
Goalie Stats
Ryan Miller (NJD), 21 saves from 25 shots - (0.840), L, 21-23-3, 60:00 minutes
Frederik Andersen (NYR), 38 saves from 39 shots - (0.974), W, 22-19-5, 60:00 minutes
Players Stats for Devils
Player Name G A P +/- PIM S H SB GA TA FO MP PP MP PK MP
------------------------------------------------------------------------------------
Alexander Perezhogin 0 0 0 0 0 0 1 0 0 0 0/0 7:08 0:04 0:00
Anthony Stewart 0 0 0 0 2 1 0 0 0 0 1/2 11:32 0:00 1:41
Anton Volchenkov 0 0 0 0 2 1 0 0 1 0 0/0 11:45 0:00 2:42
Brandon Bollig 0 0 0 0 0 0 0 1 0 0 0/0 7:04 0:00 0:00
Brayden Schenn 0 0 0 -1 2 2 3 0 0 0 13/34 21:25 2:13 3:17
Dmitry Kulikov 0 0 0 0 0 1 0 3 0 0 0/0 14:44 0:00 3:50
Jaden Schwartz 0 0 0 0 0 2 0 0 1 0 1/2 14:44 2:09 0:03
Johnny Gaudreau 1 0 1 -1 0 9 3 1 1 0 0/1 21:48 3:28 1:31
Jordan Eberle 0 1 1 -1 0 2 2 0 1 0 1/2 24:40 3:28 4:32
Kellan Lain 0 0 0 0 0 4 1 1 0 0 0/0 11:02 0:00 1:43
Kevin Shattenkirk 0 0 0 0 2 1 0 1 1 2 0/0 22:00 1:12 1:12
Luke Schenn 0 0 0 0 4 1 2 0 0 1 0/0 28:09 4:28 3:53
Scott Gomez 0 0 0 0 0 5 2 0 0 0 5/12 13:12 0:40 2:51
Sidney Crosby 0 1 1 0 0 4 2 0 0 0 10/21 16:12 2:57 0:00
Travis Hamonic 0 0 0 -1 0 2 0 0 0 1 0/0 21:12 1:13 3:23
Tyler Bozak 0 0 0 0 2 0 0 0 0 0 2/4 7:34 0:00 0:00
Tyler Cuma 0 0 0 -1 0 2 0 0 0 0 0/0 22:12 4:28 0:38
Viktor Arvidsson 0 0 0 0 0 2 2 0 0 0 0/0 14:15 2:04 0:00
Players Stats for Rangers
Player Name G A P +/- PIM S H SB GA TA FO MP PP MP PK MP
------------------------------------------------------------------------------------
Alex Tanguay 0 0 0 0 0 2 0 1 1 0 1/1 19:38 3:23 1:44
Artem Anisimov 0 0 0 0 0 0 0 0 0 0 0/1 4:52 0:00 0:00
Cam Barker 0 0 0 0 2 0 2 4 0 1 0/0 30:06 5:39 3:30
Chris Bourque 0 0 0 0 2 1 2 1 0 0 0/0 13:44 0:00 0:55
Colten Teubert 0 0 0 0 0 0 2 2 0 1 0/0 11:21 0:00 0:00
Jakob Silfverberg 1 1 2 1 2 4 0 0 1 0 1/2 22:12 4:24 3:10
James Neal 0 0 0 0 0 3 0 2 0 0 0/1 16:40 3:19 0:00
Magnus Paajarvi-Svensson 0 0 0 0 0 0 0 0 0 1 1/1 4:52 0:00 0:00
Mark Fistric 0 3 3 0 0 2 1 4 1 1 0/0 30:55 5:35 3:53
Matt Greene 0 0 0 1 2 0 1 0 0 0 0/0 17:23 2:14 0:55
Matt Read 0 0 0 0 0 1 1 1 0 0 0/0 12:30 0:02 0:00
Maxime Sauvé 0 0 0 0 0 0 0 0 0 0 0/0 1:49 0:17 0:00
Milan Lucic 3 1 4 1 0 10 0 1 1 0 5/13 26:33 4:24 4:09
Patrice Bergeron 0 3 3 1 0 1 1 0 0 0 26/38 20:32 4:13 1:13
Patrik Nemeth 0 0 0 0 0 0 0 0 0 0 0/0 11:58 0:00 1:16
Ryan Suter 0 0 0 1 0 0 2 1 0 0 0/0 18:23 2:14 1:48
Sean Couturier 0 0 0 0 0 1 1 0 0 0 3/7 12:41 0:02 0:11
Stephen Weiss 0 0 0 0 0 0 2 0 0 1 8/14 16:40 3:19 0:00
3 Stars
1 - Milan Lucic (NYR)
2 - Frederik Andersen (NYR)
3 - Patrice Bergeron (NYR)
Power Play
Devils - 1 on 4 Attempt(s) - 25.00%
Rangers - 3 on 7 Attempt(s) - 42.86%
Penalty Kill
Devils - 4 on 7 Attempt(s) - 57.14%
- Score 0 goal in Penalty Kill
Rangers - 3 on 4 Attempt(s) - 75.00%
- Score 0 goal in Penalty Kill
Team Stat
Devils - Hits : 18 - Faceoff Wins : 33 - Blocked Shots : 7 - Penalty Minutes : 14
Rangers - Hits : 15 - Faceoff Wins : 45 - Blocked Shots : 17 - Penalty Minutes : 8
Official
Referees : Unknown
Linesman : Unknown
Game Notes
Milan Lucic has scored a Hat Trick!
Finance
Level 1 -- Attendance: 4847 (80.78%) -- Ticket Income $460,465
Level 2 -- Attendance: 3469 (69.38%) -- Ticket Income $208,140
Level 3 -- Attendance: 1965 (98.25%) -- Ticket Income $68,775
Level 4 -- Attendance: 3828 (95.70%) -- Ticket Income $95,700
Luxury Box -- Attendance: 673 (67.30%) -- Ticket Income $121,140
Game was played at the Madison Square Garden.
Total Attendance: 14782 (82.12%)
Total Ticket Income: $954,220
Other Income: $143,133
Total Income: $1,097,353
Devils
5 vs 5 Forward
Center Left Wing Right Wing Time % Phy DF OF
1 Brayden Schenn Johnny Gaudreau Jordan Eberle 40 1 2 2
2 Sidney Crosby Jaden Schwartz Viktor Arvidsson 30 1 2 2
3 Scott Gomez Kellan Lain Anthony Stewart 20 1 2 2
4 Tyler Bozak Brandon Bollig Alexander Perezhogin 10 1 2 2
5 vs 5 Defense
Defense Defense Time % Phy DF OF
1 Kevin Shattenkirk Luke Schenn 40 1 2 2
2 Tyler Cuma Travis Hamonic 30 1 2 2
3 Anton Volchenkov Dmitry Kulikov 20 1 2 2
4 Tyler Cuma Dmitry Kulikov 10 1 2 2
PowerPlay Forward
Center Left Wing Right Wing Time % Phy DF OF
1 Sidney Crosby Johnny Gaudreau Jordan Eberle 60 1 2 2
2 Brayden Schenn Jaden Schwartz Viktor Arvidsson 40 1 2 2
PowerPlay Defense
Defense Defense Time % Phy DF OF
1 Tyler Cuma Luke Schenn 60 1 2 2
2 Travis Hamonic Kevin Shattenkirk 40 1 2 2
Penalty Kill 4 Players Forward
Center Wing Time % Phy DF OF
1 Brayden Schenn Jordan Eberle 60 1 2 2
2 Scott Gomez Kellan Lain 40 1 2 2
Penalty Kill 4 Players Defense
Defense Defense Time % Phy DF OF
1 Dmitry Kulikov Travis Hamonic 60 1 2 2
2 Anton Volchenkov Luke Schenn 40 1 2 2
Penalty Kill - 3 Players Forward
Forward Time % Phy DF OF
1 Brayden Schenn 60 1 2 2
2 Scott Gomez 40 1 2 2
Penalty Kill - 3 Players Defense
Defense Defense Time % Phy DF OF
1 Anton Volchenkov Travis Hamonic 60 1 2 2
2 Dmitry Kulikov Luke Schenn 40 1 2 2
4 vs 4 Forward
Center Wing Time % Phy DF OF
1 Sidney Crosby Jordan Eberle 60 1 2 2
2 Brayden Schenn Johnny Gaudreau 40 1 2 2
4 vs 4 Defense
Defense Defense Time % Phy DF OF
1 Kevin Shattenkirk Travis Hamonic 60 1 2 2
2 Tyler Cuma Dmitry Kulikov 40 1 2 2
Last Minutes Offensive
Center Left Wing Right Wing Defense Defense
Sidney Crosby Johnny Gaudreau Jordan Eberle Luke Schenn Kevin Shattenkirk
Last Minutes Defensive
Center Left Wing Right Wing Defense Defense
Brayden Schenn Jaden Schwartz Jordan Eberle Kevin Shattenkirk Travis Hamonic
Goaltenders
Starting : Ryan Miller
Backup : Keith Kinkaid
Extra Forwards
Normal : Scott Gomez, Jaden Schwartz, Anthony Stewart - PP : Scott Gomez, Johnny Gaudreau - PK : Anthony Stewart
Extra Defensemen
Normal : Luke Schenn, Anton Volchenkov, Tyler Cuma - PP : Luke Schenn - PK : Anton Volchenkov, Tyler Cuma
Penalty Shots
Viktor Arvidsson, Sidney Crosby, Jordan Eberle, Brayden Schenn, Jaden Schwartz
Scratches
None
Rangers
5 vs 5 Forward
Center Left Wing Right Wing Time % Phy DF OF
1 Patrice Bergeron Milan Lucic Jakob Silfverberg 40 1 2 2
2 Stephen Weiss Alex Tanguay James Neal 30 1 2 2
3 Sean Couturier Chris Bourque Matt Read 20 1 2 2
4 Artem Anisimov Magnus Paajarvi-Svensson Milan Lucic 10 1 2 2
5 vs 5 Defense
Defense Defense Time % Phy DF OF
1 Cam Barker Mark Fistric 40 1 2 2
2 Ryan Suter Matt Greene 30 1 2 2
3 Colten Teubert Patrik Nemeth 20 1 2 2
4 Cam Barker Mark Fistric 10 1 2 2
PowerPlay Forward
Center Left Wing Right Wing Time % Phy DF OF
1 Patrice Bergeron Milan Lucic Jakob Silfverberg 60 1 2 2
2 Stephen Weiss Alex Tanguay James Neal 40 1 2 2
PowerPlay Defense
Defense Defense Time % Phy DF OF
1 Cam Barker Mark Fistric 60 1 2 2
2 Ryan Suter Matt Greene 40 1 2 2
Penalty Kill 4 Players Forward
Center Wing Time % Phy DF OF
1 Milan Lucic Jakob Silfverberg 60 1 2 2
2 Patrice Bergeron Alex Tanguay 40 1 2 2
Penalty Kill 4 Players Defense
Defense Defense Time % Phy DF OF
1 Cam Barker Mark Fistric 60 1 2 2
2 Ryan Suter Matt Greene 40 1 2 2
Penalty Kill - 3 Players Forward
Forward Time % Phy DF OF
1 Milan Lucic 60 1 2 2
2 Jakob Silfverberg 40 1 2 2
Penalty Kill - 3 Players Defense
Defense Defense Time % Phy DF OF
1 Cam Barker Mark Fistric 60 1 2 2
2 Ryan Suter Matt Greene 40 1 2 2
4 vs 4 Forward
Center Wing Time % Phy DF OF
1 Milan Lucic Jakob Silfverberg 60 1 2 2
2 Patrice Bergeron Alex Tanguay 40 1 2 2
4 vs 4 Defense
Defense Defense Time % Phy DF OF
1 Cam Barker Mark Fistric 60 1 2 2
2 Ryan Suter Matt Greene 40 1 2 2
Last Minutes Offensive
Center Left Wing Right Wing Defense Defense
Patrice Bergeron Milan Lucic Jakob Silfverberg Cam Barker Mark Fistric
Last Minutes Defensive
Center Left Wing Right Wing Defense Defense
Patrice Bergeron Milan Lucic Jakob Silfverberg Cam Barker Mark Fistric
Goaltenders
Starting : Frederik Andersen
Backup : Braden Holtby
Extra Forwards
Normal : Maxime Sauvé, Matt Read, Chris Bourque - PP : Maxime Sauvé, Matt Read - PK : Chris Bourque
Extra Defensemen
Normal : Colten Teubert, Patrik Nemeth, Ryan Suter - PP : Colten Teubert - PK : Patrik Nemeth, Ryan Suter
Penalty Shots
Milan Lucic, Jakob Silfverberg, Patrice Bergeron, Alex Tanguay, James Neal
Scratches
Alexei Emelin (Healthy), Gustav Nyquist (Bruised Left Arm Injury)
% Time on Ice - Devils
Lines # - Real PCT - Wanted PCT - Time Play
Normal Forward
1 - 37% - 40% - 16:30
2 - 27% - 30% - 12:13
3 - 21% - 20% - 9:17
4 - 16% - 10% - 7:04
Normal Defense
1 - 43% - 40% - 19:13
2 - 35% - 30% - 15:50
3 - 18% - 20% - 8:00
4 - 4% - 10% - 2:01
PP Forward
1 - 61% - 60% - 3:28
2 - 39% - 40% - 2:13
PP Defense
1 - 79% - 60% - 4:28
2 - 21% - 40% - 1:13
PK Forward
1 - 78% - 60% - 6:06
2 - 22% - 40% - 1:43
PK Defense
1 - 54% - 60% - 4:11
2 - 46% - 40% - 3:38
PK3 Forward
1 - 0% - 60%
2 - 0% - 40%
PK3 Defense
1 - 0% - 60%
2 - 0% - 40%
44 Forward
1 - 77% - 60% - 1:06
2 - 23% - 40% - 0:20
44 Defense
1 - 74% - 60% - 1:04
2 - 26% - 40% - 0:22
Last Minute Offensive - 0:00
Last Minute Defensive - 0:00
Total
Forward - 60:00
Defense - 60:00
|
% Time on Ice - Rangers
Lines # - Real PCT - Wanted PCT - Time Play
Normal Forward
1 - 31% - 40% - 14:05
2 - 30% - 30% - 13:40
3 - 28% - 20% - 12:27
4 - 11% - 10% - 4:52
Normal Defense
1 - 44% - 40% - 19:44
2 - 30% - 30% - 13:34
3 - 24% - 20% - 10:42
4 - 2% - 10% - 1:04
PP Forward
1 - 57% - 60% - 4:26
2 - 43% - 40% - 3:23
PP Defense
1 - 71% - 60% - 5:35
2 - 29% - 40% - 2:14
PK Forward
1 - 79% - 60% - 4:28
2 - 21% - 40% - 1:13
PK Defense
1 - 68% - 60% - 3:53
2 - 32% - 40% - 1:48
PK3 Forward
1 - 0% - 60%
2 - 0% - 40%
PK3 Defense
1 - 0% - 60%
2 - 0% - 40%
44 Forward
1 - 45% - 60% - 0:39
2 - 55% - 40% - 0:47
44 Defense
1 - 45% - 60% - 0:39
2 - 55% - 40% - 0:47
Last Minute Offensive - 0:00
Last Minute Defensive - 0:00
Total
Forward - 60:00
Defense - 60:00
|
Play-by-Play
1st period
0:01 of 1st period - Brayden Schenn wins face-off versus Patrice Bergeron in neutral zone.
0:36 of 1st period - Snap shot by James Neal.
0:36 of 1st period - Stopped by Ryan Miller with a rebound.
0:38 of 1st period - Snap shot by Cam Barker.
0:38 of 1st period - Shot Misses the Net.
0:40 of 1st period - Snap shot by James Neal.
0:40 of 1st period - Stopped by Ryan Miller with a rebound.
1:29 of 1st period - Minor Penalty to Matt Greene for Holding.
1:30 of 1st period - Milan Lucic wins face-off versus Scott Gomez in Rangers zone.
1:41 of 1st period - Off-side.
1:42 of 1st period - Jordan Eberle wins face-off versus Milan Lucic in neutral zone.
3:29 of 1st period - Penalty to Matt Greene is over, Matt Greene is back on ice.
3:38 of 1st period - Cam Barker is hit by Alexander Perezhogin.
3:41 of 1st period - Icing by Chris Bourque.
3:42 of 1st period - Scott Gomez wins face-off versus Sean Couturier in Rangers zone.
3:53 of 1st period - Backhand shot by Matt Read.
3:53 of 1st period - Shot Misses the Net.
3:55 of 1st period - Snap shot by Chris Bourque.
3:55 of 1st period - Stopped by Ryan Miller without a rebound.
3:56 of 1st period - Patrice Bergeron wins face-off versus Brayden Schenn in Devils zone.
4:03 of 1st period - Snap shot by Johnny Gaudreau.
4:03 of 1st period - Stopped by Frederik Andersen with a rebound.
4:05 of 1st period - Wrist shot by Johnny Gaudreau.
4:05 of 1st period - Stopped by Frederik Andersen without a rebound.
4:06 of 1st period - Patrice Bergeron wins face-off versus Brayden Schenn in Rangers zone.
4:06 of 1st period - Patrice Bergeron is hit by Jordan Eberle.
4:23 of 1st period - Off-side.
4:24 of 1st period - Stephen Weiss wins face-off versus Scott Gomez in neutral zone.
5:03 of 1st period - Luke Schenn is hit by Patrice Bergeron and loses puck.
5:47 of 1st period - Icing by Alex Tanguay.
5:48 of 1st period - Scott Gomez wins face-off versus Stephen Weiss in Rangers zone.
5:49 of 1st period - Slapshot by Kellan Lain.
5:49 of 1st period - Shot Misses the Net.
6:03 of 1st period - Wrist shot by James Neal.
6:03 of 1st period - Stopped by Ryan Miller without a rebound.
6:04 of 1st period - Patrice Bergeron wins face-off versus Tyler Bozak in Devils zone.
6:14 of 1st period - Minor Penalty to Anton Volchenkov for Tripping.
6:15 of 1st period - Milan Lucic wins face-off versus Brayden Schenn in Devils zone.
8:14 of 1st period - Penalty to Anton Volchenkov is over, Anton Volchenkov is back on ice.
8:50 of 1st period - Dmitry Kulikov is hit by Colten Teubert and loses puck.
9:11 of 1st period - Brayden Schenn is hit by Stephen Weiss and loses puck.
10:56 of 1st period - Jakob Silfverberg is hit by Brayden Schenn and loses puck.
11:01 of 1st period - Snap shot by Johnny Gaudreau.
11:01 of 1st period - Stopped by Frederik Andersen with a rebound.
11:18 of 1st period - Milan Lucic is hit by Kellan Lain and loses puck.
11:39 of 1st period - Chris Bourque is hit by Sidney Crosby.
11:47 of 1st period - Chris Bourque is hit by Sidney Crosby and loses puck.
12:07 of 1st period - Slapshot by Johnny Gaudreau.
12:07 of 1st period - Stopped by Frederik Andersen with a rebound.
12:09 of 1st period - Slapshot by Anton Volchenkov.
12:09 of 1st period - Stopped by Frederik Andersen with a rebound.
12:11 of 1st period - Snap shot by Johnny Gaudreau.
12:11 of 1st period - Shot Blocked by Mark Fistric.
12:32 of 1st period - Snap shot by Jakob Silfverberg.
12:32 of 1st period - Stopped by Ryan Miller without a rebound.
12:33 of 1st period - Brayden Schenn wins face-off versus Stephen Weiss in Devils zone.
13:14 of 1st period - Minor Penalty to Anthony Stewart for Hooking.
13:15 of 1st period - Brayden Schenn wins face-off versus Patrice Bergeron in Devils zone.
13:30 of 1st period - Snap shot by Jakob Silfverberg.
13:30 of 1st period - Shot Misses the Net.
13:32 of 1st period - Slapshot by Cam Barker.
13:32 of 1st period - Deflect By Milan Lucic.
13:32 of 1st period - Shot Misses the Net.
13:32 of 1st period - Puck is out of play.
13:33 of 1st period - Stephen Weiss wins face-off versus Jordan Eberle in Devils zone.
14:01 of 1st period - Luke Schenn is hit by Cam Barker and loses puck.
14:08 of 1st period - Snap shot by Jakob Silfverberg.
14:08 of 1st period - Goal by Jakob Silfverberg - Devils : 0 - Rangers : 1.
14:09 of 1st period - Patrice Bergeron wins face-off versus Brayden Schenn in neutral zone.
15:07 of 1st period - Snap shot by Chris Bourque.
15:07 of 1st period - Shot Misses the Net.
15:13 of 1st period - Minor Penalty to Luke Schenn for Interference.
15:14 of 1st period - Patrice Bergeron wins face-off versus Brayden Schenn in Devils zone.
15:19 of 1st period - Wrist shot by Milan Lucic.
15:19 of 1st period - Shot Blocked by Dmitry Kulikov.
15:21 of 1st period - Slapshot by Mark Fistric.
15:21 of 1st period - Stopped by Ryan Miller with a rebound.
15:23 of 1st period - Wrist shot by Milan Lucic.
15:23 of 1st period - Goal by Milan Lucic - Devils : 0 - Rangers : 2.
15:24 of 1st period - Brayden Schenn wins face-off versus Patrice Bergeron in neutral zone.
15:35 of 1st period - Slapshot by Jakob Silfverberg.
15:35 of 1st period - Stopped by Ryan Miller without a rebound.
15:36 of 1st period - Patrice Bergeron wins face-off versus Brayden Schenn in Devils zone.
15:37 of 1st period - Wrist shot by Jakob Silfverberg.
15:37 of 1st period - Shot Misses the Net.
15:39 of 1st period - Snap shot by Milan Lucic.
15:39 of 1st period - Stopped by Ryan Miller without a rebound.
15:40 of 1st period - Patrice Bergeron wins face-off versus Brayden Schenn in Devils zone.
15:51 of 1st period - Wrist shot by Milan Lucic.
15:51 of 1st period - Stopped by Ryan Miller without a rebound.
15:52 of 1st period - Brayden Schenn wins face-off versus Patrice Bergeron in Devils zone.
16:09 of 1st period - Wrist shot by Milan Lucic.
16:09 of 1st period - Stopped by Ryan Miller with a rebound.
16:19 of 1st period - Viktor Arvidsson is hit by Mark Fistric and loses puck.
16:29 of 1st period - Snap shot by Viktor Arvidsson.
16:29 of 1st period - Stopped by Frederik Andersen without a rebound.
16:30 of 1st period - Scott Gomez wins face-off versus Patrice Bergeron in Rangers zone.
16:57 of 1st period - Anthony Stewart is hit by Chris Bourque and loses puck.
17:02 of 1st period - Snap shot by Chris Bourque.
17:02 of 1st period - Deflect By Matt Read.
17:02 of 1st period - Stopped by Ryan Miller without a rebound.
17:03 of 1st period - Brayden Schenn wins face-off versus Sean Couturier in Devils zone.
17:35 of 1st period - Snap shot by Milan Lucic.
17:35 of 1st period - Stopped by Ryan Miller with a rebound.
17:37 of 1st period - Wrist shot by Patrice Bergeron.
17:37 of 1st period - Shot Misses the Net.
17:39 of 1st period - Snap shot by Patrice Bergeron.
17:39 of 1st period - Stopped by Ryan Miller without a rebound.
17:40 of 1st period - Brayden Schenn wins face-off versus Patrice Bergeron in Devils zone.
17:42 of 1st period - Minor Penalty to Brayden Schenn for Tripping.
17:43 of 1st period - Anthony Stewart wins face-off versus Patrice Bergeron in Devils zone.
18:48 of 1st period - Stephen Weiss is hit by Scott Gomez and loses puck.
19:01 of 1st period - Wrist shot by Alex Tanguay.
19:01 of 1st period - Stopped by Ryan Miller without a rebound.
19:02 of 1st period - Patrice Bergeron wins face-off versus Scott Gomez in Devils zone.
19:42 of 1st period - Penalty to Brayden Schenn is over, Brayden Schenn is back on ice.
19:54 of 1st period - Kevin Shattenkirk is hit by Matt Read and loses puck.
Goals for this period are 0 for Devils vs 2 for Rangers.
Shots for this period are 6 for Devils vs 16 for Rangers.
2nd period
0:01 of 2nd period - Brayden Schenn wins face-off versus Patrice Bergeron in neutral zone.
0:11 of 2nd period - Snap shot by Milan Lucic.
0:11 of 2nd period - Stopped by Ryan Miller with a rebound.
0:17 of 2nd period - Slapshot by Milan Lucic.
0:17 of 2nd period - Stopped by Ryan Miller without a rebound.
0:18 of 2nd period - Stephen Weiss wins face-off versus Sidney Crosby in Devils zone.
0:21 of 2nd period - Snap shot by Alex Tanguay.
0:21 of 2nd period - Stopped by Ryan Miller without a rebound.
0:22 of 2nd period - Stephen Weiss wins face-off versus Sidney Crosby in Devils zone.
0:26 of 2nd period - Icing by Jaden Schwartz.
0:27 of 2nd period - Sidney Crosby wins face-off versus Stephen Weiss in Devils zone.
0:46 of 2nd period - Snap shot by Sidney Crosby.
0:46 of 2nd period - Shot Blocked by Cam Barker.
0:48 of 2nd period - Wrist shot by Tyler Cuma.
0:48 of 2nd period - Shot Blocked by Mark Fistric.
0:50 of 2nd period - Slapshot by Travis Hamonic.
0:50 of 2nd period - Shot Misses the Net.
0:52 of 2nd period - Slapshot by Travis Hamonic.
0:52 of 2nd period - Shot Blocked by Mark Fistric.
0:54 of 2nd period - Slapshot by Viktor Arvidsson.
0:54 of 2nd period - Shot Blocked by Mark Fistric.
0:56 of 2nd period - Backhand shot by Travis Hamonic.
0:56 of 2nd period - Stopped by Frederik Andersen without a rebound.
0:57 of 2nd period - Patrice Bergeron wins face-off versus Brayden Schenn in Rangers zone.
1:02 of 2nd period - Slapshot by Matt Greene.
1:02 of 2nd period - Shot Misses the Net.
1:08 of 2nd period - Ryan Suter is hit by Johnny Gaudreau and loses puck.
1:35 of 2nd period - Icing by Anthony Stewart.
1:36 of 2nd period - Patrice Bergeron wins face-off versus Scott Gomez in Devils zone.
1:41 of 2nd period - Backhand shot by Jakob Silfverberg.
1:41 of 2nd period - Shot Blocked by Kellan Lain.
1:47 of 2nd period - Mark Fistric is hit by Scott Gomez.
1:59 of 2nd period - Wrist shot by Anthony Stewart.
1:59 of 2nd period - Stopped by Frederik Andersen without a rebound.
2:00 of 2nd period - Stephen Weiss wins face-off versus Brayden Schenn in Rangers zone.
2:27 of 2nd period - Sidney Crosby is hit by Ryan Suter and loses puck.
3:34 of 2nd period - Wrist shot by Brayden Schenn.
3:34 of 2nd period - Stopped by Frederik Andersen without a rebound.
3:35 of 2nd period - Brayden Schenn wins face-off versus James Neal in Rangers zone.
4:00 of 2nd period - Viktor Arvidsson is hit by Chris Bourque.
4:09 of 2nd period - Minor Penalty to Chris Bourque for Hooking.
4:10 of 2nd period - Sidney Crosby wins face-off versus Milan Lucic in Rangers zone.
4:26 of 2nd period - Cam Barker is hit by Jordan Eberle and loses puck.
4:39 of 2nd period - Wrist shot by Jaden Schwartz.
4:39 of 2nd period - Stopped by Frederik Andersen with a rebound.
4:41 of 2nd period - Slapshot by Kevin Shattenkirk.
4:41 of 2nd period - Shot Blocked by Cam Barker.
4:47 of 2nd period - Snap shot by Viktor Arvidsson.
4:47 of 2nd period - Deflect By Brayden Schenn.
4:47 of 2nd period - Shot Misses the Net.
4:47 of 2nd period - Puck is out of play.
4:48 of 2nd period - Sidney Crosby wins face-off versus Milan Lucic in Rangers zone.
4:57 of 2nd period - Wrist shot by Sidney Crosby.
4:57 of 2nd period - Stopped by Frederik Andersen with a rebound.
4:59 of 2nd period - Snap shot by Sidney Crosby.
4:59 of 2nd period - Stopped by Frederik Andersen without a rebound.
5:00 of 2nd period - Sidney Crosby wins face-off versus Milan Lucic in Rangers zone.
5:09 of 2nd period - Snap shot by Sidney Crosby.
5:09 of 2nd period - Deflect By Johnny Gaudreau.
5:09 of 2nd period - Shot Misses the Net.
5:09 of 2nd period - Puck is out of play.
5:10 of 2nd period - Milan Lucic wins face-off versus Sidney Crosby in Rangers zone.
5:10 of 2nd period - Milan Lucic is hit by Johnny Gaudreau.
5:36 of 2nd period - Icing by Jaden Schwartz.
5:37 of 2nd period - Brayden Schenn wins face-off versus Milan Lucic in Devils zone.
6:01 of 2nd period - Off-side.
6:02 of 2nd period - Patrice Bergeron wins face-off versus Sidney Crosby in neutral zone.
6:09 of 2nd period - Penalty to Chris Bourque is over, Chris Bourque is back on ice.
6:37 of 2nd period - Snap shot by Kellan Lain.
6:37 of 2nd period - Stopped by Frederik Andersen with a rebound.
7:43 of 2nd period - Snap shot by Scott Gomez.
7:43 of 2nd period - Stopped by Frederik Andersen with a rebound.
7:45 of 2nd period - Slapshot by Anton Volchenkov.
7:45 of 2nd period - Shot Blocked by Chris Bourque.
7:47 of 2nd period - Snap shot by Anthony Stewart.
7:47 of 2nd period - Shot Blocked by Matt Read.
7:49 of 2nd period - Snap shot by Scott Gomez.
7:49 of 2nd period - Stopped by Frederik Andersen without a rebound.
7:50 of 2nd period - Scott Gomez wins face-off versus Stephen Weiss in Rangers zone.
7:51 of 2nd period - Snap shot by Kellan Lain.
7:51 of 2nd period - Shot Misses the Net.
7:53 of 2nd period - Slapshot by Kevin Shattenkirk.
7:53 of 2nd period - Stopped by Frederik Andersen with a rebound.
7:55 of 2nd period - Wrist shot by Kellan Lain.
7:55 of 2nd period - Shot Blocked by James Neal.
7:57 of 2nd period - Slapshot by Luke Schenn.
7:57 of 2nd period - Shot Misses the Net.
7:59 of 2nd period - Slapshot by Luke Schenn.
7:59 of 2nd period - Stopped by Frederik Andersen without a rebound.
8:00 of 2nd period - Stephen Weiss wins face-off versus Brayden Schenn in Rangers zone.
8:53 of 2nd period - Slapshot by Tyler Cuma.
8:53 of 2nd period - Deflect By Stephen Weiss.
8:53 of 2nd period - Stopped by Frederik Andersen without a rebound.
8:54 of 2nd period - Patrice Bergeron wins face-off versus Brayden Schenn in Rangers zone.
8:54 of 2nd period - Patrice Bergeron is hit by Johnny Gaudreau.
8:57 of 2nd period - Minor Penalty to Cam Barker for Hooking.
8:58 of 2nd period - Milan Lucic wins face-off versus Sidney Crosby in Rangers zone.
9:25 of 2nd period - Off-side.
9:26 of 2nd period - Patrice Bergeron wins face-off versus Brayden Schenn in neutral zone.
9:30 of 2nd period - Minor Penalty to Kevin Shattenkirk for Elbowing.
9:31 of 2nd period - Sidney Crosby wins face-off versus Milan Lucic in Devils zone.
10:40 of 2nd period - Icing by Alex Tanguay.
10:41 of 2nd period - Patrice Bergeron wins face-off versus Scott Gomez in Rangers zone.
10:50 of 2nd period - Slapshot by Alex Tanguay.
10:50 of 2nd period - Shot Misses the Net.
10:57 of 2nd period - Penalty to Cam Barker is over, Cam Barker is back on ice.
11:24 of 2nd period - Luke Schenn is hit by Cam Barker and loses puck.
11:30 of 2nd period - Penalty to Kevin Shattenkirk is over, Kevin Shattenkirk is back on ice.
11:47 of 2nd period - Off-side.
11:48 of 2nd period - Sidney Crosby wins face-off versus Artem Anisimov in neutral zone.
12:03 of 2nd period - Wrist shot by Milan Lucic.
12:03 of 2nd period - Shot Blocked by Dmitry Kulikov.
12:18 of 2nd period - Wrist shot by James Neal.
12:18 of 2nd period - Shot Misses the Net.
12:59 of 2nd period - Snap shot by Colten Teubert.
12:59 of 2nd period - Shot Hit the Post.
13:01 of 2nd period - Snap shot by Patrik Nemeth.
13:01 of 2nd period - Shot Misses the Net.
13:31 of 2nd period - Travis Hamonic is hit by Ryan Suter and loses puck.
13:53 of 2nd period - Slapshot by Dmitry Kulikov.
13:53 of 2nd period - Stopped by Frederik Andersen without a rebound.
13:54 of 2nd period - Sidney Crosby wins face-off versus Jakob Silfverberg in Rangers zone.
14:01 of 2nd period - Wrist shot by Viktor Arvidsson.
14:01 of 2nd period - Deflect By Jakob Silfverberg.
14:01 of 2nd period - Stopped by Frederik Andersen with a rebound.
14:03 of 2nd period - Snap shot by Sidney Crosby.
14:03 of 2nd period - Shot Misses the Net.
14:38 of 2nd period - Sean Couturier is hit by Brayden Schenn and loses puck.
14:59 of 2nd period - Slapshot by Brayden Schenn.
14:59 of 2nd period - Shot Misses the Net.
15:15 of 2nd period - Snap shot by Chris Bourque.
15:15 of 2nd period - Shot Blocked by Dmitry Kulikov.
15:17 of 2nd period - Slapshot by Mark Fistric.
15:17 of 2nd period - Stopped by Ryan Miller without a rebound.
15:18 of 2nd period - Patrice Bergeron wins face-off versus Sidney Crosby in Devils zone.
15:31 of 2nd period - Slapshot by Kevin Shattenkirk.
15:31 of 2nd period - Shot Blocked by Ryan Suter.
15:33 of 2nd period - Slapshot by Kevin Shattenkirk.
15:33 of 2nd period - Deflect By Sidney Crosby.
15:33 of 2nd period - Stopped by Frederik Andersen with a rebound.
15:43 of 2nd period - Scott Gomez is hit by Stephen Weiss and loses puck.
16:06 of 2nd period - Snap shot by Tyler Bozak.
16:06 of 2nd period - Shot Misses the Net.
16:46 of 2nd period - Wrist shot by Kellan Lain.
16:46 of 2nd period - Shot Blocked by Colten Teubert.
17:41 of 2nd period - Minor Penalty to Jakob Silfverberg for Interference.
17:42 of 2nd period - Milan Lucic wins face-off versus Sidney Crosby in Rangers zone.
17:42 of 2nd period - Milan Lucic is hit by Luke Schenn.
17:50 of 2nd period - Off-side.
17:51 of 2nd period - Sidney Crosby wins face-off versus Milan Lucic in neutral zone.
18:06 of 2nd period - Backhand shot by Johnny Gaudreau.
18:06 of 2nd period - Shot Blocked by Cam Barker.
18:08 of 2nd period - Snap shot by Johnny Gaudreau.
18:08 of 2nd period - Stopped by Frederik Andersen with a rebound.
18:10 of 2nd period - Wrist shot by Johnny Gaudreau.
18:10 of 2nd period - Stopped by Frederik Andersen without a rebound.
18:11 of 2nd period - Brayden Schenn wins face-off versus Milan Lucic in Rangers zone.
18:19 of 2nd period - Wrist shot by Jaden Schwartz.
18:19 of 2nd period - Shot Blocked by Milan Lucic.
18:21 of 2nd period - Snap shot by Brayden Schenn.
18:21 of 2nd period - Shot Misses the Net.
18:23 of 2nd period - Snap shot by Brayden Schenn.
18:23 of 2nd period - Shot Misses the Net.
18:49 of 2nd period - Snap shot by Jordan Eberle.
18:49 of 2nd period - Shot Misses the Net.
18:51 of 2nd period - Wrist shot by Johnny Gaudreau.
18:51 of 2nd period - Goal by Johnny Gaudreau - Devils : 1 - Rangers : 2.
18:52 of 2nd period - Patrice Bergeron wins face-off versus Brayden Schenn in neutral zone.
19:07 of 2nd period - Cam Barker is hit by Luke Schenn and loses puck.
19:37 of 2nd period - Wrist shot by Tyler Bozak.
19:37 of 2nd period - Shot Misses the Net.
19:39 of 2nd period - Wrist shot by Tyler Cuma.
19:39 of 2nd period - Deflect By Tyler Bozak.
19:39 of 2nd period - Shot Misses the Net.
19:39 of 2nd period - Puck is out of play.
19:40 of 2nd period - Tyler Bozak wins face-off versus Sean Couturier in Rangers zone.
19:49 of 2nd period - Luke Schenn is hit by Sean Couturier and loses puck.
Goals for this period are 1 for Devils vs 0 for Rangers.
Shots for this period are 18 for Devils vs 4 for Rangers.
3rd period
0:01 of 3rd period - Patrice Bergeron wins face-off versus Brayden Schenn in neutral zone.
0:09 of 3rd period - Minor Penalty to Luke Schenn for Holding Stick.
0:10 of 3rd period - Brayden Schenn wins face-off versus Patrice Bergeron in Devils zone.
0:24 of 3rd period - Wrist shot by Milan Lucic.
0:24 of 3rd period - Goal by Milan Lucic - Devils : 1 - Rangers : 3.
0:25 of 3rd period - Patrice Bergeron wins face-off versus Brayden Schenn in neutral zone.
0:59 of 3rd period - Snap shot by Jaden Schwartz.
0:59 of 3rd period - Stopped by Frederik Andersen without a rebound.
1:00 of 3rd period - Brayden Schenn wins face-off versus Patrice Bergeron in Rangers zone.
1:37 of 3rd period - Wrist shot by Sean Couturier.
1:37 of 3rd period - Stopped by Ryan Miller without a rebound.
1:38 of 3rd period - Stephen Weiss wins face-off versus Sidney Crosby in Devils zone.
1:41 of 3rd period - Wrist shot by Stephen Weiss.
1:41 of 3rd period - Shot Misses the Net.
1:49 of 3rd period - Snap shot by Alex Tanguay.
1:49 of 3rd period - Shot Misses the Net.
2:11 of 3rd period - Off-side.
2:12 of 3rd period - Patrice Bergeron wins face-off versus Johnny Gaudreau in neutral zone.
2:17 of 3rd period - Slapshot by Patrik Nemeth.
2:17 of 3rd period - Shot Blocked by Johnny Gaudreau.
2:19 of 3rd period - Slapshot by Colten Teubert.
2:19 of 3rd period - Deflect By Jakob Silfverberg.
2:19 of 3rd period - Shot Misses the Net.
2:19 of 3rd period - Puck is out of play.
2:20 of 3rd period - Patrice Bergeron wins face-off versus Brayden Schenn in Devils zone.
2:44 of 3rd period - Wrist shot by Milan Lucic.
2:44 of 3rd period - Shot Hit the Post.
2:46 of 3rd period - Slapshot by Milan Lucic.
2:46 of 3rd period - Goal by Milan Lucic - Devils : 1 - Rangers : 4.
2:47 of 3rd period - Patrice Bergeron wins face-off versus Brayden Schenn in neutral zone.
2:58 of 3rd period - Snap shot by Milan Lucic.
2:58 of 3rd period - Stopped by Ryan Miller without a rebound.
2:59 of 3rd period - Jakob Silfverberg wins face-off versus Brayden Schenn in Devils zone.
3:06 of 3rd period - Wrist shot by Milan Lucic.
3:06 of 3rd period - Deflect By Patrice Bergeron.
3:06 of 3rd period - Shot Misses the Net.
3:06 of 3rd period - Puck is out of play.
3:07 of 3rd period - Patrice Bergeron wins face-off versus Brayden Schenn in Devils zone.
3:22 of 3rd period - Wrist shot by Jakob Silfverberg.
3:22 of 3rd period - Stopped by Ryan Miller without a rebound.
3:23 of 3rd period - Stephen Weiss wins face-off versus Sidney Crosby in Devils zone.
3:28 of 3rd period - Snap shot by James Neal.
3:28 of 3rd period - Shot Misses the Net.
3:57 of 3rd period - Snap shot by Dmitry Kulikov.
3:57 of 3rd period - Shot Blocked by Cam Barker.
4:31 of 3rd period - Slapshot by Kevin Shattenkirk.
4:31 of 3rd period - Deflect By Tyler Bozak.
4:31 of 3rd period - Shot Misses the Net.
4:31 of 3rd period - Puck is out of play.
4:32 of 3rd period - Tyler Bozak wins face-off versus Stephen Weiss in Rangers zone.
5:34 of 3rd period - Icing by Cam Barker.
5:35 of 3rd period - Scott Gomez wins face-off versus Sean Couturier in Rangers zone.
5:38 of 3rd period - Wrist shot by Kellan Lain.
5:38 of 3rd period - Stopped by Frederik Andersen with a rebound.
5:40 of 3rd period - Slapshot by Kellan Lain.
5:40 of 3rd period - Stopped by Frederik Andersen without a rebound.
5:41 of 3rd period - Patrice Bergeron wins face-off versus Scott Gomez in Rangers zone.
5:50 of 3rd period - Snap shot by Kellan Lain.
5:50 of 3rd period - Stopped by Frederik Andersen with a rebound.
5:57 of 3rd period - Snap shot by Scott Gomez.
5:57 of 3rd period - Stopped by Frederik Andersen with a rebound.
6:11 of 3rd period - Ryan Suter is hit by Viktor Arvidsson and loses puck.
7:00 of 3rd period - Wrist shot by Magnus Paajarvi-Svensson.
7:00 of 3rd period - Shot Blocked by Brandon Bollig.
7:26 of 3rd period - Stephen Weiss is hit by Brayden Schenn and loses puck.
7:39 of 3rd period - Jordan Eberle is hit by Colten Teubert and loses puck.
8:51 of 3rd period - Minor Penalty to Tyler Bozak for High sticking.
8:52 of 3rd period - Patrice Bergeron wins face-off versus Brayden Schenn in Devils zone.
10:51 of 3rd period - Penalty to Tyler Bozak is over, Tyler Bozak is back on ice.
11:03 of 3rd period - Slapshot by Dmitry Kulikov.
11:03 of 3rd period - Shot Blocked by Colten Teubert.
11:05 of 3rd period - Snap shot by Anthony Stewart.
11:05 of 3rd period - Shot Misses the Net.
11:21 of 3rd period - Wrist shot by Johnny Gaudreau.
11:21 of 3rd period - Stopped by Frederik Andersen without a rebound.
11:22 of 3rd period - Magnus Paajarvi-Svensson wins face-off versus Jaden Schwartz in Rangers zone.
11:22 of 3rd period - Magnus Paajarvi-Svensson is hit by Viktor Arvidsson.
11:57 of 3rd period - Alexander Perezhogin is hit by Matt Greene and loses puck.
12:28 of 3rd period - Wrist shot by Scott Gomez.
12:28 of 3rd period - Stopped by Frederik Andersen without a rebound.
12:29 of 3rd period - Sean Couturier wins face-off versus Anthony Stewart in Rangers zone.
12:36 of 3rd period - Snap shot by Scott Gomez.
12:36 of 3rd period - Stopped by Frederik Andersen with a rebound.
12:38 of 3rd period - Wrist shot by Kellan Lain.
12:38 of 3rd period - Shot Misses the Net.
12:40 of 3rd period - Wrist shot by Kellan Lain.
12:40 of 3rd period - Shot Misses the Net.
13:24 of 3rd period - Off-side.
13:25 of 3rd period - Sidney Crosby wins face-off versus Patrice Bergeron in neutral zone.
14:10 of 3rd period - Wrist shot by Kellan Lain.
14:10 of 3rd period - Shot Misses the Net.
14:23 of 3rd period - Wrist shot by Anthony Stewart.
14:23 of 3rd period - Deflect By Scott Gomez.
14:23 of 3rd period - Shot Misses the Net.
14:23 of 3rd period - Puck is out of play.
14:24 of 3rd period - Jaden Schwartz wins face-off versus Patrice Bergeron in Rangers zone.
14:27 of 3rd period - Wrist shot by Sidney Crosby.
14:27 of 3rd period - Stopped by Frederik Andersen without a rebound.
14:28 of 3rd period - Patrice Bergeron wins face-off versus Sidney Crosby in Rangers zone.
14:39 of 3rd period - Snap shot by Milan Lucic.
14:39 of 3rd period - Shot Misses the Net.
14:41 of 3rd period - Wrist shot by Jakob Silfverberg.
14:41 of 3rd period - Shot Blocked by Kevin Shattenkirk.
14:55 of 3rd period - Wrist shot by Johnny Gaudreau.
14:55 of 3rd period - Stopped by Frederik Andersen with a rebound.
15:12 of 3rd period - Icing by Brayden Schenn.
15:13 of 3rd period - Sean Couturier wins face-off versus Scott Gomez in Devils zone.
15:58 of 3rd period - Snap shot by Tyler Bozak.
15:58 of 3rd period - Shot Misses the Net.
16:00 of 3rd period - Slapshot by Travis Hamonic.
16:00 of 3rd period - Stopped by Frederik Andersen without a rebound.
16:01 of 3rd period - Alex Tanguay wins face-off versus Tyler Bozak in Rangers zone.
16:43 of 3rd period - Icing by Johnny Gaudreau.
16:44 of 3rd period - Sean Couturier wins face-off versus Brayden Schenn in Devils zone.
16:45 of 3rd period - Snap shot by Chris Bourque.
16:45 of 3rd period - Shot Misses the Net.
16:53 of 3rd period - Snap shot by Brayden Schenn.
16:53 of 3rd period - Stopped by Frederik Andersen with a rebound.
16:55 of 3rd period - Wrist shot by Brayden Schenn.
16:55 of 3rd period - Shot Blocked by Alex Tanguay.
16:57 of 3rd period - Slapshot by Brayden Schenn.
16:57 of 3rd period - Deflect By Jordan Eberle.
16:57 of 3rd period - Stopped by Frederik Andersen with a rebound.
16:59 of 3rd period - Wrist shot by Jordan Eberle.
16:59 of 3rd period - Stopped by Frederik Andersen with a rebound.
17:01 of 3rd period - Slapshot by Tyler Cuma.
17:01 of 3rd period - Stopped by Frederik Andersen with a rebound.
17:03 of 3rd period - Snap shot by Johnny Gaudreau.
17:03 of 3rd period - Deflect By Brayden Schenn.
17:03 of 3rd period - Shot Blocked by James Neal.
17:03 of 3rd period - Puck is out of play.
17:04 of 3rd period - Patrice Bergeron wins face-off versus Sidney Crosby in Rangers zone.
18:19 of 3rd period - Wrist shot by Jakob Silfverberg.
18:19 of 3rd period - Deflect By Alexander Perezhogin.
18:19 of 3rd period - Shot Misses the Net.
18:19 of 3rd period - Puck is out of play.
18:20 of 3rd period - Sidney Crosby wins face-off versus Stephen Weiss in Devils zone.
Goals for this period are 0 for Devils vs 2 for Rangers.
Shots for this period are 15 for Devils vs 5 for Rangers.
Back to the Top